 Dungeon Crawl Stone Soup version 0.28-a0-863-g8cecda6153 (webtiles) character file.

Game seed: 7697760396308462736

1598 horus123 the Vexing (level 8, -11/41 HPs)
             Began as a Deep Elf Conjurer on Nov 17, 2021.
             Was an Initiate of Vehumet.
             Shot with an arrow by a centaur (12 damage)
             ... on level 6 of the Dungeon.
             The game lasted 00:14:10 (7107 turns).

horus123 the Vexing (Deep Elf Conjurer)             Turns: 7107, Time: 00:14:11

Health: -11/41     AC:  3    Str:  4    XL:     8   Next: 62%
Magic:  18/20      EV: 12    Int: 26    God:    Vehumet [......]
Gold:   318        SH:  0    Dex: 13    Spells: 4/21 levels left

rFire   . . .      SeeInvis .   o - staff of air
rCold   . . .      Faith    .   (no shield)
rNeg    . . .      Spirit   .   a - +1 robe
rPois   .          Reflect  .   (no helmet)
rElec   +          Harm     .   c - scarf {shadows}
rCorr   .          Rampage  .   (no gloves)
Will    .....                   (no boots)
Stlth   ++........              i - amulet of magic regeneration
HPRegen 0.13/turn               (no ring)
MPRegen 0.42/turn               (no ring)

@: unable to read
A: inability to read while threatened, MP-powered wands
a: Renounce Religion


You were on level 6 of the Dungeon.
You worshipped Vehumet.
Vehumet was noncommittal.
You visited 2 branches of the dungeon, and saw 7 of its levels.

You collected 318 gold pieces.

Inventory:

Hand Weapons
 f - a +0 long sword
 g - a +0 short sword
Missiles
 j - a throwing net
Armour
 a - a +1 robe (worn)
 c - a scarf of shadows (worn)
Magical Staves
 o - a staff of air (weapon)
 p - a staff of poison
Jewellery
 i - an amulet of magic regeneration (around neck)
 u - a ring of see invisible
Wands
 r - a wand of digging (3)
Scrolls
 n - a scroll of fog
 s - a scroll of teleportation {unknown}
 t - a scroll of amnesia {unknown}
Potions
 b - 3 potions of curing
 d - 2 potions of flight
 e - a potion of mutation
 h - a potion of might {unknown}
 k - a potion of magic
 l - a potion of brilliance {unknown}
 m - 2 potions of heal wounds
 q - 2 potions of cancellation {unknown}


   Skills:
 - Level 2.4 Dodging
 - Level 2.4 Stealth
 - Level 7.1 Spellcasting
 - Level 6.5 Conjurations
 - Level 7.5 Hexes
 + Level 6.8 Ice Magic


You had 4 spell levels left.
You knew the following spells:

 Your Spells              Type           Power      Damage    Failure   Level
a - Magic Dart            Conj           100%       1d8       1%          1
b - Searing Ray           Conj           86%        2d7       1%          2
c - Dazzling Flash        Conj/Hex       90%        N/A       1%          3
d - Fulminant Prism       Conj/Hex       22%        3d13      3%          4
e - Iskenderun's Mystic   Conj/Tloc      26%        2d7       16%         4
f - Ozocubu's Armour      Ice            44%        N/A       1%          3

Your spell library contained the following spells:

 Spells                   Type           Power      Damage    Failure   Level
 Animate Skeleton         Necr           18%        N/A       6%          1
 Apportation              Tloc           18%        N/A       6%          1
 Beastly Appendage        Tmut           18%        N/A       6%          1
 Summon Small Mammal      Summ           36%        N/A       6%          1
 Wereblood                Tmut           9%         N/A       10%         2
 Gell's Gravitas          Tloc           9%         N/A       19%         3
 Spider Form              Tmut/Pois      9%         N/A       19%         3
 Teleport Other           Tloc           9%         N/A       19%         3
 Ozocubu's Refrigeration  Ice            22%        4d9       97%         7
 Dispersal                Tloc           4%         N/A       100%        6


Dungeon Overview and Level Annotations

Branches:
Dungeon (6/15)             Temple (1/1) D:4

Altars:
Ashenzari
Cheibriados
Dithmenos
Elyvilon
Fedhas
Gozag
Kikubaaqudgha
Makhleb
Nemelex Xobeh
Okawaru
Qazlal
Ru
Sif Muna
Trog
Uskayaw
Vehumet
Wu Jian
Yredelemnul
Zin
The Shining One

Annotations:
D:5 2 transporters, AttackTheMoon's ghost, weakling DgDe


Innate Abilities, Weirdness & Mutations

You sometimes lose the ability to read scrolls when taking damage.
You expend magic power (3 MP) to strengthen your wands.


Message History

A jelly comes into view.
Casting: Magic Dart (safe; 1% risk of failure)
Confirm with . or Enter, or press ? or * to list all spells.
Aiming: Searing Ray (safe; 1% risk of failure)
Press: ? - help, Shift-Dir - straight line, f - jelly
Aim: a jelly (asleep, 100% to hit)
The searing ray hits the jelly!
The jelly is heavily wounded.
The jelly quivers. (Press . to maintain the ray.)
The searing ray hits the jelly!
You kill the jelly!
Vehumet accepts your kill.
Found 17 poisoned darts.
t - a scroll labelled LIL MIERPHAU
u - a ring of see invisible
Found 5 javelins.
You pick up a There-And-Back Book and begin reading...
You add the spells Gell's Gravitas, Teleport Other and Dispersal to your library.
Found a war axe.
A centaur comes into view.
The magic dart hits the centaur.
The centaur is lightly wounded.
The centaur shouts!
The centaur wields a +0 shortbow.
The centaur shoots an arrow.
The arrow closely misses you.
The centaur shoots an arrow.
The arrow hits you!
The magic dart hits the centaur.
The centaur is lightly wounded.
The centaur shoots an arrow.
The arrow hits you!
You feel threatened and lose the ability to read scrolls!
The magic dart hits the centaur but does no damage.
The centaur is lightly wounded.
The centaur shoots an arrow.
The arrow misses you.
The magic dart hits the centaur.
The centaur is moderately wounded.
The centaur shoots an arrow.
The arrow hits you!
Found 8 gold pieces.
The centaur shoots an arrow.
The arrow hits you!
* * * LOW HITPOINT WARNING * * *
The centaur shoots an arrow.
The arrow hits you!
You die...

#.# #.#
..#############
#.####
..c...@.......#
#.....
$##.###.#####.#
#..### ####
....####.####..###
...#
###..#..........##.
##.#
.....##.#####.##.
.#.### #.......#
#.... .....#
##.###### ####.
##.#.##### . #.
...#.....# .)


You could see a centaur.

Vanquished Creatures
  Grinder (D:4)
  Edmund (D:5)
  A black bear (D:2)
  An ogre (D:3)
  A phantom (D:6)
  3 bullfrogs
  3 scorpions
  Blork the orc (D:6)
  A bullfrog zombie (D:5)
  A centaur zombie (D:5)
  2 hounds
  3 jellies
  3 iguanas
  A scorpion zombie (D:5)
  A hound skeleton (D:5)
  11 gnolls
  A howler monkey skeleton (D:5)
  5 adders
  A white imp (D:5)
  3 worms
  2 dart slugs
  5 orcs
  9 endoplasms
  9 giant cockroaches
  7 goblins
  9 hobgoblins
  7 jackals (D:1)
  4 quokkas
  10 ball pythons
  5 bats
  3 frilled lizards
  3 kobolds (D:1)
  10 rats
128 creatures vanquished.

Notes
Turn   | Place    | Note
-------+----------+-------------------------------------------
     0 | D:1      | horus123 the Deep Elf Conjurer began the quest for the Orb.
     0 | D:1      | Reached XP level 1. HP: 10/10 MP: 6/6
     1 | D:1      | Found a runed translucent door.
   302 | D:1      | Reached XP level 2. HP: 15/15 MP: 5/8
   308 | D:1      | Reached skill level 5 in Conjurations
   311 | D:1      | Learned a level 2 spell: Searing Ray
   599 | D:1      | Found a faded altar of an unknown god.
   823 | D:1      | Reached XP level 3. HP: 19/19 MP: 6/9
   827 | D:1      | Learned a level 3 spell: Dazzling Flash
  1022 | D:1      | Gained mutation: You sometimes lose the ability to read
                  | scrolls when taking damage. [potion of mutation]
  1022 | D:1      | Gained mutation: You expend magic power (3 MP) to
                  | strengthen your wands. [potion of mutation]
  1358 | D:2      | Noticed a black bear
  1501 | D:2      | Killed a black bear
  1502 | D:2      | Reached XP level 4. HP: 8/24 MP: 3/14
  1502 | D:2      | Reached XP level 5. HP: 9/28 MP: 3/15
  1830 | D:2      | Reached skill level 1 in Hexes
  1835 | D:2      | Learned a level 4 spell: Fulminant Prism
  1840 | D:2      | Learned a level 4 spell: Iskenderun's Mystic Blast
  2770 | D:3      | Noticed an ogre
  2778 | D:3      | Killed an ogre
  2779 | D:3      | Reached XP level 6. HP: 16/32 MP: 9/17
  2940 | D:3      | Learned a level 3 spell: Ozocubu's Armour
  3441 | D:4      | Reached skill level 1 in Ice Magic
  3735 | D:4      | HP: 1/32 [gnoll (6)]
  4069 | D:4      | Noticed Grinder
  4078 | D:4      | Killed Grinder
  4079 | D:4      | Reached skill level 5 in Ice Magic
  4079 | D:4      | Reached XP level 7. HP: 12/36 MP: 9/18
  4441 | D:4      | Found a staircase to the Ecumenical Temple.
  4470 | Temple   | Entered the Ecumenical Temple
  4593 | Temple   | Became a worshipper of Vehumet
  5167 | D:5      | Entered Level 5 of the Dungeon
  5378 | D:6      | Noticed Blork the orc
  5388 | D:6      | Killed Blork the orc
  5391 | D:6      | Reached skill level 5 in Hexes
  5391 | D:6      | Reached XP level 8. HP: 23/41 MP: 13/20
  6181 | D:5      | Found a broken altar of Ashenzari.
  6183 | D:5      | Found an opulent altar of Gozag.
  6218 | D:5      | Found a transporter.
  6219 | D:5      | Found a transporter.
  6220 | D:5      | Noticed AttackTheMoon's ghost (weakling DgDe)
  6221 | D:5      | Identified the +6 great mace "Ykisousyen" {drain, rElec
                  | rPois Int+3}
  6243 | D:5      | Found a stormy altar of Qazlal.
  6425 | D:5      | Noticed Edmund
  6436 | D:5      | Killed Edmund
  7107 | D:6      | HP: 1/41 [centaur/arrow (12)]
  7107 | D:6      | Shot with an arrow by a centaur

Illustrated notes

Levels and vault maps discovered:
D:1:      dpeg_arrival_caged_fury, layout_loops_ring,
          chequers_ecumenical_altar_island, minmay_misc_feat_rows,
          hangedman_decor_diamond_cutter, minmay_misc_feat_square
D:2:      layout_basic, dk_vineyard_2
D:3:      layout_rooms, minmay_misc_feat_hallway
D:4:      layout_loops_ring, minmay_temple_entry_sparse_star, minmay_bent,
          uniq_grinder
D:5:      layout_basic, mainiacjoe_overflow_surrounded_room,
          chequers_temple_overflow_statue_of_worship, gammafunk_ghost_smash,
          uniq_edmund
D:6:      layout_loops_cross, uniq_blork_the_orc
Temple:   minmay_crystal_spiral_temple

Skill      XL: |  1  2  3  4  5  6  7  8 |
---------------+-------------------------+-----
Conjurations   | 5 6 |  6.5
Spellcasting   | 6 7 |  7.1
Hexes          | 4 5 7 |  7.5
Ice Magic      | 5 6 |  6.8
Dodging        | |  2.4
Stealth        | |  2.4

Action                   |  1- 3 |  4- 6 |  7- 9 || total
-------------------------+-------+-------+-------++-------
Melee: Short sword       |    14 |       |       ||    14
 Cast: Magic Dart        |    44 |    92 |    93 ||   229
       Searing Ray       |     6 |     8 |    16 ||    30
  Use: Potion            |     4 |       |       ||     4
       Scroll            |       |     5 |     2 ||     7
Armor: Robe              |     8 |     2 |    11 ||    21
Dodge: Dodged            |    35 |     3 |    33 ||    71

Table legend: (Time is in decaauts)
 A = Elapsed time spent in this place.
 B = Non-inter-level travel time spent in this place.
 C = Inter-level travel time spent in this place.
 D = Time resting spent in this place.
 E = Time spent auto-exploring this place.
 F = Levels seen in this place.
 G = Mean time per level.
                   A        B        C        D        E       F      G
               +--------+--------+--------+--------+--------+-----+--------+
         Total |   7097 |   6874 |    223 |   1490 |   4608 |   7 | 1013.9 |
       Dungeon |   6875 |   6736 |    139 |   1490 |   4519 |   6 | 1145.8 |
        Temple |    221 |    137 |     84 |      0 |     89 |   1 |  221.0 |
               +--------+--------+--------+--------+--------+-----+--------+

Top non-repeatable levels by time:
     D:4: 1567 daAuts
     D:1: 1471 daAuts
     D:5: 1283 daAuts
     D:2: 1247 daAuts
     D:6: 657 daAuts
     D:3: 649 daAuts
  Temple: 221 daAuts
